 Dungeon Crawl Stone Soup version 0.26-a0-27-g1f0226971c (webtiles) character file.

Game seed: 16507441522701027345, levelgen mode: deterministic

18 Lugonue the Stinger (level 2, 0/21 HPs)
             Began as a Demonspawn Venom Mage on May 27, 2020.
             Slain by a hobgoblin
             ... wielding a +0 club
              (4 damage)
             ... on level 1 of the Dungeon.
             The game lasted 00:02:15 (980 turns).

Lugonue the Stinger (Demonspawn Venom Mage)          Turns: 980, Time: 00:02:15

Health: 0/21       AC:  2    Str:  8    XL:     2   Next: 51%
Magic:  5/5        EV: 12    Int: 16    God:
Gold:   42         SH:  0    Dex: 13    Spells: 4/5 levels left

rFire    . . .     SeeInvis .     - Unarmed
rCold    . . .     Gourm    .   (no shield)
rNeg     . . .     Faith    .   a - +0 robe
rPois    .         Spirit   .   (no helmet)
rElec    .         Reflect  .   (no cloak)
rCorr    .         Harm     .   (no gloves)
MR       .....                  (no boots)
Stlth    ++........             (no amulet)
HPRegen  0.07/turn              (no ring)
MPRegen  0.09/turn              (no ring)

@: no status effects
A: talons 1
a: no special abilities


You were on level 1 of the Dungeon.
You were not hungry.

You visited 1 branch of the dungeon, and saw 1 of its levels.

You collected 42 gold pieces.

Inventory:

Armour
 a - a +0 robe (worn)
Scrolls
 d - 2 scrolls of teleportation {unknown}
 e - a scroll of magic mapping {unknown}
 f - a scroll of enchant armour {unknown}
 g - a scroll of noise {unknown}
 i - 2 scrolls of random uselessness {unknown}
 j - a scroll of enchant weapon {unknown}
 k - a scroll of amnesia {unknown}
 l - a scroll of immolation {unknown}
Potions
 b - a potion of degeneration {unknown}
 m - a potion of flight {unknown}
Comestibles
 c - 3 rations
 h - 8 chunks of flesh


   Skills:
 * Level 1.1 Fighting
 + Level 1.8 Dodging
 + Level 1.8 Stealth
 * Level 1.0 Unarmed Combat
 + Level 2.0 Spellcasting
 + Level 0.8 Transmutations
 + Level 3.2 Poison Magic


You had 4 spell levels left.
You knew the following spells:

 Your Spells              Type           Power        Failure   Level  Hunger
a - Sting                 Tmut/Pois      #...         9%          1    #......

Your spell library contained the following spells:

 Spells                   Type           Power        Failure   Level  Hunger
 Poisonous Vapours        Pois/Air       #.....       16%         2    ###....
 Ignite Poison            Fire/Tmut/Pois #.......     34%         3    ###....
 Mephitic Cloud           Conj/Pois/Air  #.......     36%         3    ###....
 Olgreb's Toxic Radiance  Pois           ##......     47%         4    #####..


Dungeon Overview and Level Annotations

Branches:
Dungeon (1/15)

Altars:


Innate Abilities, Weirdness & Mutations

You have sharp toenails.


Message History

The hobgoblin moves out of view.
The hobgoblin is too close now for your liking.
A hobgoblin is nearby!
The hobgoblin closely misses you. The hobgoblin hits you with a +0 club.
The hobgoblin hits you with a +0 club. The hobgoblin hits you with a +0 club.
The hobgoblin closely misses you. The hobgoblin hits you with a +0 club.
The hobgoblin closely misses you. The hobgoblin closely misses you.
The hobgoblin hits you with a +0 club!
* * * LOW HITPOINT WARNING * * *
The hobgoblin hits you with a +0 club.
* * * LOW HITPOINT WARNING * * *
The hobgoblin hits you but does no damage.
The hobgoblin misses you. The hobgoblin barely misses you.
The hobgoblin hits you with a +0 club.
You die...

# .#
#.#########.####.
#.#.............#
#.#.#####@.......
#.#>#####g#.###..
#.............
#...#####..# ##
#..........#
##..######.# #..#
.# #######..# .#
#........#


You could see a hobgoblin.

Vanquished Creatures
  2 leopard geckos (D:1)
  3 bats (D:1)
  A giant cockroach (D:1)
  3 goblins (D:1)
  2 hobgoblins (D:1)
  A kobold (D:1)
  A frilled lizard (D:1)
13 creatures vanquished.

Notes
Turn   | Place    | Note
-------+----------+-------------------------------------------
     0 | D:1      | Lugonue the Demonspawn Venom Mage began the quest for the
                  | Orb.
     0 | D:1      | Reached XP level 1. HP: 13/13 MP: 3/3
   418 | D:1      | Reached skill level 1 in Fighting
   490 | D:1      | Gained mutation: You have sharp toenails. [demonic
                  | ancestry]
   490 | D:1      | Reached XP level 2. HP: 17/21 MP: 3/5
   891 | D:1      | Reached skill level 1 in Unarmed Combat
   980 | D:1      | Slain by a hobgoblin

Illustrated notes

Levels and vault maps discovered:
D:1:      dpeg_arrival_three_same_balls, layout_loops_ring, serial_glass,
          glass_columns_c, glass_columns_b, minmay_misc_feat_cross

Skill      XL: |  1  2 |
---------------+-------+-----
Fighting       | 1 |  1.1
Unarmed Combat | 1 |  1.0
Dodging        | |  1.8
Stealth        | |  1.8
Spellcasting   | |  2.0
Transmutations | |  0.8
Poison Magic   | |  3.2

Action                   || total
-------------------------++-------
Melee: Unarmed           ||    24
       Kick              ||     2
 Cast: Sting             ||    17
 Stab: Sleeping          ||     2
Armor: Robe              ||    14
Dodge: Dodged            ||    55

Table legend:
 A = Non-vault XP
 B = Vault XP
 C = Vault XP percentage of total XP
 D = Non-vault monster count
 E = Vault monster count
 F = Vault count percentage of total count
                 A         B        C        D         E       F
            +---------+---------+-------+---------+---------+-------
      Total |      27 |       0 |   0.0 |      13 |       0 |   0.0
            +---------+---------+-------+---------+---------+-------
        D:1 |      27 |       0 |   0.0 |      13 |       0 |   0.0
            +---------+---------+-------+---------+---------+-------
